 Dungeon Crawl Stone Soup version 0.31.0-11-ge490571c62 (webtiles) character file.

Game seed: 4307318306184852520

53449 vbillard the Fighter (level 14, -19/88 (96) HPs)
             Began as a Deep Elf Conjurer on Feb 5, 2024.
             Was a High Priest of Vehumet.
             Demolished by a minotaur
             ... wielding a +1 morningstar of draining
              (22 damage)
             ... in a Gauntlet.
             The game lasted 01:36:55 (24935 turns).

vbillard the Fighter (Deep Elf Conjurer)           Turns: 24935, Time: 01:36:59

HP:   -19/88 (96)   AC: 16    Str:  6    XL:     14   Next: 30%
MP:   3/34          EV: 13    Int: 27    God:    Vehumet [*****.]
Gold: 932           SH:  4    Dex: 13    Spells: 11/41 levels left

rFire   . . .        q - +2 demon trident
rCold   . . .        u - +0 buckler
rNeg    + . .        y - +2 robe {rN+}
rPois   +            O - +2 hat {Will+}
rElec   .            r - +1 cloak {rPois}
rCorr   .            A - +1 pair of gloves
SInv    .            L - +1 pair of boots
Will    +++..        k - amulet of the acrobat
Stlth   +++          C - ring of willpower
HPRegen 0.34/turn    E - +4 ring of protection
MPRegen 0.24/turn

%: no teleportation, acrobat
@: drained
A: no striking features
a: Renounce Religion


You were in a Gauntlet.
You worshipped Vehumet.
Vehumet was extremely pleased with you.
You visited 3 branches of the dungeon, and saw 19 of its levels.
You also visited: Gauntlet.

You collected 1020 gold pieces.
You spent 88 gold pieces at shops.

Inventory:

Hand Weapons
 f - a +2 dagger of electrocution
 q - a +2 demon trident (weapon)
 x - the +7 short sword of Yffon {speed, rPois Stlth+}
   (You found it on level 5 of the Lair of Beasts)

   rPois:     It protects you from poison Stlth+: It makes you more stealthy.
Armour
 a - a +0 leather armour of willpower
 i - a +0 helmet
 r - a +1 cloak of poison resistance (worn)
 u - a +0 buckler (worn)
 y - a +2 robe of positive energy (worn)
 A - a +1 pair of gloves (worn)
 H - a +0 robe of fire resistance
 L - a +1 pair of boots (worn)
 O - a +2 hat of willpower (worn)
Jewellery
 k - an amulet of the acrobat (around neck)
 C - a ring of willpower (left hand)
 E - a +4 ring of protection (right hand)
 G - an amulet of guardian spirit
 K - an amulet of regeneration
 N - a ring of protection from fire
Wands
 o - a wand of mindburst (5)
 t - a wand of iceblast (31)
Scrolls
 c - 7 scrolls of teleportation
 d - 5 scrolls of revelation
 e - 7 scrolls of fear
 g - 2 scrolls of poison
 h - 3 scrolls of vulnerability
 j - 2 scrolls of identify
 l - a scroll of torment
 p - a scroll of immolation
 B - 2 scrolls of amnesia
 F - a scroll of enchant armour
 I - 3 scrolls of enchant weapon
 M - a scroll of blinking
 P - a scroll of butterflies
Potions
 b - a potion of magic
 m - a potion of might
 n - 2 potions of haste
 s - 8 potions of curing
 v - 3 potions of enlightenment
 w - 3 potions of heal wounds
 D - a potion of ambrosia
 J - a potion of cancellation
Miscellaneous
 z - a lightning rod (4/4)


   Skills:
 - Level 14.0 Fighting
 - Level 5.0 Dodging
 - Level 5.0 Stealth
 - Level 14.0 Spellcasting
 + Level 11.0 Conjurations
 + Level 0.0 Summonings
 - Level 6.0 Translocations
 + Level 11.0 Fire Magic
 - Level 4.0 Earth Magic
 - Level 4.0 Alchemy


You had 11 spell levels left.
You knew the following spells:

 Your Spells              Type           Power      Damage    Failure   Level
a - Magic Dart            Conj           100%       1d8       1%          1
b - Searing Ray           Conj           100%       2d8       1%          2
c - Iskenderun's Mystic   Conj/Tloc      59%        2d12      1%          4
d - Fulminant Prism       Conj/Alch      28%        3d14      1%          4
e - Lesser Beckoning      Tloc           100%       N/A       1%          2
f - Flame Wave            Conj/Fire      68%        2d15      1%          4
g - Starburst             Conj/Fire      34%        6d10      2%          6
h - Spellforged Servitor  Conj/Summ      24%        N/A       71%         7

Your spell library contained the following spells:

 Spells                   Type           Power      Damage    Failure   Level
 Dazzling Flash           Conj/Hex       96%        N/A       1%          3
 Gell's Gravitas          Tloc           50%        N/A       1%          3
 Teleport Other           Tloc           50%        N/A       1%          3
 Volatile Blastmotes      Fire/Tloc      100%       2d18      1%          3
 Jinxbite                 Hex            36%        N/A       8%          2
 Yara's Violent Unravell  Hex/Alch       14%        3d7       16%         5
 Dispersal                Tloc           25%        N/A       54%         6
 Sculpt Simulacrum        Ice/Alch       14%        N/A       98%         6
 Enfeeble                 Hex            9%         N/A       100%        7
 Ozocubu's Refrigeration  Ice            9%         4d9       100%        7
 Maxwell's Capacitive Co  Air            9%         ∞         100%        8
 Polar Vortex             Ice            9%         12d1*     100%        9


Dungeon Overview and Level Annotations

Branches:
Dungeon (13/15)            Temple (1/1) D:7            Lair (5/5) D:9
  Swamp (0/4) Lair:2       Spider (0/4) Lair:2        Slime (0/5) Lair:5
    Orc (0/2) D:9         Gauntlet (1/1)
 Vaults: D:13-14

Altars:
Ashenzari
Cheibriados
Dithmenos
Elyvilon
Fedhas
Gozag
Hepliaklqana
Kikubaaqudgha
Makhleb
Nemelex Xobeh
Okawaru
Qazlal
Ru
Sif Muna
Trog
Uskayaw
Vehumet
Wu Jian
Xom
Yredelemnul
Zin
The Shining One
Lugonu

Shops:
D:6 !

Annotations:
D:9 2 transporters
D:11 3 runed translucent doors, MrCrawl's ghost, journeyman MiBe Gauntlet 8 transporters, 2 runed translucent doors, exclusion: obsidian statue


Message History

Magic courses through your body.
Casting: Iskenderun's Mystic Blast (safe; 1% risk of failure)
Confirm with . or Enter, or press ? or * to list all spells.
You erupt in a blast of force!
The mystic blast hits the minotaur but does no damage.
The minotaur is severely wounded.
Unknown command.
Casting: Iskenderun's Mystic Blast (safe; 1% risk of failure)
Confirm with . or Enter, or press ? or * to list all spells.
You erupt in a blast of force!
The mystic blast hits the minotaur.
The minotaur is severely wounded.
The minotaur is knocked back by the mystic blast.
The minotaur slams into the metal wall!
The minotaur hits you with a +1 morningstar of draining!
* * * LOW HITPOINT WARNING * * *
You partially resist.
You feel drained. The minotaur gores you.
* * * LOW HITPOINT WARNING * * *
Unknown command.
Casting: Iskenderun's Mystic Blast (safe; 1% risk of failure)
Confirm with . or Enter, or press ? or * to list all spells.
You erupt in a blast of force!
The mystic blast hits the minotaur but does no damage.
The minotaur is severely wounded.
The minotaur closely misses you.
The minotaur gores you but does no damage.
Casting: Iskenderun's Mystic Blast (safe; 1% risk of failure)
Confirm with . or Enter, or press ? or * to list all spells.
You erupt in a blast of force!
The mystic blast hits the minotaur but does no damage.
The minotaur is severely wounded.
The minotaur hits you with a +1 morningstar of draining!
* * * LOW HITPOINT WARNING * * *
You partially resist.
You feel drained. You block the minotaur's attack.
Casting: Iskenderun's Mystic Blast (safe; 1% risk of failure)
Confirm with . or Enter, or press ? or * to list all spells.
You erupt in a blast of force!
The mystic blast hits the minotaur but does no damage.
The minotaur is severely wounded.
The minotaur hits you with a +1 morningstar of draining!!
You die...

∩≈ .. .### ... #######'######
#.......H..... #.###.###.###.
#.###.###.###.# #.....H@......#
###.###.###.###
#####.###.###.#####
#.................
#.♣.♣.©.©.©.©.♣.♣.#
#................. # ###
################# ### ### #
###≈###≈###...........###≈###≈###
≈#≈≈≈#≈≈≈#..♣P......♣..#≈≈≈#≈≈≈#≈


You could see a minotaur.

Vanquished Creatures
  An entropy weaver (Gauntlet)
  Harold (D:11)
  2 hydras (Lair:5)
  4 boulder beetles
  2 catoblepae (Lair:5)
  A deep troll shaman (Lair:5)
  5 two-headed ogres
  6 death yaks (Lair:5)
  Urug (Lair:5)
  2 skysharks (Lair:2)
  An orb spider (Lair:2)
  An oklob plant (Gauntlet)
  3 wolf spiders
  5 cyclopes
  2 ugly things (D:12)
  15 elephants (Lair:5)
  2 manticores (D:12)
  A torpor snail (Lair:4)
  4 black mambas
  A gargoyle (D:12)
  An eye of devastation (Lair:5)
  10 cane toads
  10 komodo dragons
  4 rime drakes
  An ice devil (Gauntlet)
  4 trolls
  4 polar bears
  2 hornets
  10 blink frogs
  A jumping spider (Gauntlet)
  A glass eye (Lair:5)
  2 slime creatures (D:12)
  A shadow (D:12)
  3 wraiths
  3 wyverns
  38 yaks
  A basilisk (Lair:5)
  A redback (Gauntlet)
  Grum (D:9)
  2 acid dragons
  3 orc warriors
  13 water moccasins
  A swamp drake (Lair:2)
  2 ice beasts (D:6)
  2 sky beasts
  2 black bears
  4 ogres
  19 wolves
  4 centaurs
  2 phantoms
  8 bullfrogs
  A gnoll sergeant (D:8)
  3 scorpions
  6 kobold brigands
  11 wights
  3 killer bees (D:9)
  5 howler monkeys
  A bombardier beetle (D:6)
  2 hounds (D:5)
  A jelly (D:4)
  5 orc priests
  A gnoll bouda (D:6)
  Terence (D:3)
  9 iguanas
  Crazy Yiuf (D:3)
  11 orc wizards
  19 gnolls
  7 adders
  A shadow imp (D:6)
  4 white imps
  2 ufetubi (D:6)
  4 dart slugs
  3 ribbon worms
  58 orcs
  9 bats
  9 endoplasms
  4 giant cockroaches (D:1)
  3 goblins
  6 hobgoblins
  3 jackals (D:4)
  26 kobolds
  6 quokkas
  7 ball pythons
  4 frilled lizards
  5 rats
461 creatures vanquished.

Vanquished Creatures (others)
  31 fulminant prisms
31 creatures vanquished.

Grand Total: 492 creatures vanquished

Notes
Turn   | Place    | Note
-------+----------+-------------------------------------------
     0 | D:1      | vbillard the Deep Elf Conjurer began the quest for the Orb.
     0 | D:1      | Reached XP level 1. HP: 10/10 MP: 6/6
   208 | D:1      | Reached XP level 2. HP: 16/16 MP: 5/8
   211 | D:1      | Learned a level 2 spell: Searing Ray
   459 | D:1      | Reached skill level 1 in Fighting
   743 | D:1      | Reached XP level 3. HP: 20/20 MP: 7/9
   799 | D:1      | Found a faded altar of an unknown god.
  1985 | D:2      | Reached XP level 4. HP: 27/27 MP: 1/10
  1990 | D:2      | Learned a level 4 spell: Iskenderun's Mystic Blast
  2660 | D:3      | Noticed Terence
  2670 | D:3      | Killed Terence
  3054 | D:3      | Found a runed translucent door.
  3055 | D:3      | Noticed Crazy Yiuf
  3115 | D:3      | Killed Crazy Yiuf
  3116 | D:3      | Reached skill level 1 in Translocations
  3116 | D:3      | Reached XP level 5. HP: 32/32 MP: 8/12
  3224 | D:4      | Found a basalt altar of Yredelemnul.
  3295 | D:4      | Noticed a sky beast
  3301 | D:4      | Killed a sky beast
  3302 | D:4      | Reached skill level 5 in Conjurations
  3395 | D:4      | Reached XP level 6. HP: 37/37 MP: 7/14
  3799 | D:4      | Found a blossoming altar of Fedhas.
  3810 | D:4      | Found an iron altar of Okawaru.
  3817 | D:4      | Reached skill level 5 in Spellcasting
  3856 | D:4      | Found a glowing silver altar of Zin.
  3872 | D:4      | Found a broken altar of Ashenzari.
  4523 | D:5      | Entered Level 5 of the Dungeon
  4627 | D:5      | Reached XP level 7. HP: 41/41 MP: 9/17
  5030 | D:5      | Learned a level 4 spell: Fulminant Prism
  5117 | D:5      | Reached skill level 1 in Alchemy
  5713 | D:6      | Reached XP level 8. HP: 46/46 MP: 13/19
  5910 | D:6      | Found an ancient bone altar of Kikubaaqudgha.
  5967 | D:6      | Found Uhot's Distillery.
  5970 | D:6      | Bought a potion of heal wounds for 55 gold pieces
  5970 | D:6      | Bought a potion of lignification for 33 gold pieces
  6959 | D:7      | Reached XP level 9. HP: 52/52 MP: 11/22
  7091 | D:7      | Found a staircase to the Ecumenical Temple.
  7132 | Temple   | Entered the Ecumenical Temple
  7145 | Temple   | Became a worshipper of Vehumet
  7312 | D:7      | You fall into a shaft and drop 3 floors!
  7312 | D:10     | Entered Level 10 of the Dungeon
  7371 | D:9      | Reached skill level 1 in Fire Magic
  7371 | D:9      | Reached skill level 1 in Earth Magic
  7446 | D:9      | Found a staircase to the Orcish Mines.
  7446 | D:9      | Noticed a troll
  7503 | D:9      | Noticed a troll
  7519 | D:9      | Found a transporter.
  7521 | D:9      | Noticed a white ugly thing
  7557 | D:9      | Noticed Grum
  7570 | D:9      | Killed Grum
  7571 | D:9      | Reached skill level 5 in Fighting
  7727 | D:8      | Found an opulent altar of Gozag.
  7883 | D:8      | Reached * piety under Vehumet
  7883 | D:8      | Offered knowledge of Kiss of Death by Vehumet.
  8776 | D:8      | Reached XP level 10. HP: 41/61 MP: 12/24
  8798 | D:8      | Found a bloodstained altar of Trog.
  9160 | D:8      | Reached ** piety under Vehumet
  9160 | D:8      | Offered knowledge of Sting by Vehumet.
  9652 | D:9      | Noticed a white ugly thing
  9652 | D:9      | Found a transporter.
  9654 | D:9      | Noticed a cyan ugly thing
  9654 | D:9      | Noticed a brown ugly thing
  9916 | D:9      | Noticed a two-headed ogre
  9928 | D:9      | Killed a two-headed ogre
  9929 | D:9      | Reached skill level 5 in Dodging
  9929 | D:9      | Reached skill level 5 in Stealth
 10297 | D:9      | Found a staircase to the Lair.
 10609 | D:9      | Found a transporter.
 10617 | D:9      | Found a transporter.
 11049 | D:10     | Found a burning altar of Makhleb.
 11249 | D:10     | Noticed a two-headed ogre
 11257 | D:10     | Killed a two-headed ogre
 11258 | D:10     | Reached skill level 10 in Spellcasting
 11263 | D:10     | Offered knowledge of Static Discharge by Vehumet.
 11486 | D:10     | Reached XP level 11. HP: 52/69 MP: 18/27
 11649 | D:10     | Reached *** piety under Vehumet
 12365 | D:11     | Noticed Harold
 12373 | D:11     | Noticed a two-headed ogre
 12377 | D:11     | Noticed a two-headed ogre
 12379 | D:11     | Killed a two-headed ogre
 12636 | D:11     | Killed a two-headed ogre
 12692 | D:11     | Killed Harold
 12867 | D:11     | Reached skill level 10 in Fighting
 13016 | D:11     | Found a runed translucent gate.
 13016 | D:11     | Found a runed translucent gate.
 13016 | D:11     | Found a runed translucent gate.
 13017 | D:11     | Noticed MrCrawl's ghost (journeyman MiBe)
 13211 | D:12     | Noticed a green ugly thing
 13226 | D:12     | Killed a green ugly thing
 13520 | D:12     | Reached skill level 10 in Conjurations
 13636 | D:12     | Noticed a boulder beetle
 13737 | Lair:1   | Entered Level 1 of the Lair of Beasts
 13765 | Lair:1   | Learned a level 2 spell: Lesser Beckoning
 14175 | Lair:1   | Reached skill level 5 in Translocations
 14634 | Lair:1   | Offered knowledge of Ignite Poison by Vehumet.
 14649 | Lair:1   | Reached XP level 12. HP: 10/78 MP: 2/29
 15641 | Lair:2   | Identified the +0 chain mail "Iclisith" {Harm}
 15922 | Lair:2   | Found a hole to the Spider Nest.
 16355 | Lair:2   | Found a staircase to the Swamp.
 16372 | Lair:2   | Reached **** piety under Vehumet
 16861 | Lair:3   | Offered knowledge of Flame Wave by Vehumet.
 16867 | Lair:3   | Learned a level 4 spell: Flame Wave
 17191 | Lair:3   | Reached skill level 5 in Fire Magic
 18071 | Lair:4   | Identified the +2 robe "Goitroen" {rF++ Str-4 Int+2}
 18864 | Lair:5   | Entered Level 5 of the Lair of Beasts
 18877 | Lair:5   | Noticed a six-headed hydra
 18886 | Lair:5   | Killed a six-headed hydra
 18887 | Lair:5   | Reached XP level 13. HP: 57/86 MP: 28/31
 19340 | Lair:5   | Reached skill level 10 in Fire Magic
 19858 | Lair:5   | Noticed Urug
 19872 | Lair:5   | Killed Urug
 19872 | Lair:5   | Reached ***** piety under Vehumet
 19907 | Lair:5   | Offered knowledge of Lee's Rapid Deconstruction by Vehumet.
 20784 | Lair:5   | Identified the +7 short sword of Yffon {speed, rPois
                  | Stlth+}
 21653 | Lair:5   | Found a staircase to the Slime Pits.
 22538 | Lair:5   | Reached XP level 14. HP: 96/96 MP: 31/33
 22596 | Lair:5   | Learned a level 6 spell: Starburst
 24410 | D:13     | Found a gate leading to a gauntlet.
 24421 | Gauntlet | Entered a Gauntlet
 24421 | Gauntlet | Found a transporter.
 24425 | Gauntlet | Found a transporter.
 24427 | Gauntlet | Found a transporter.
 24438 | Gauntlet | Found a transporter.
 24441 | Gauntlet | Found a transporter.
 24451 | Gauntlet | Found a transporter.
 24465 | Gauntlet | Found a runed translucent door.
 24467 | Gauntlet | Found a transporter.
 24468 | Gauntlet | Found the amulet of the Air {Inacc Air Fly rElec RMsl}
 24478 | Gauntlet | Found a transporter.
 24490 | Gauntlet | Found a transporter.
 24495 | Gauntlet | Found a transporter.
 24495 | Gauntlet | Found a transporter.
 24523 | Gauntlet | Found a transporter.
 24523 | Gauntlet | Found a transporter.
 24581 | Gauntlet | Found a runed translucent door.
 24587 | Gauntlet | Found a transporter.
 24835 | Gauntlet | Offered knowledge of Spellforged Servitor by Vehumet.
 24846 | Gauntlet | Learned a level 7 spell: Spellforged Servitor
 24934 | Gauntlet | HP: 3/90 [minotaur/+1 morningstar of draining (12)]
 24935 | Gauntlet | Demolished by a minotaur

Illustrated notes

Levels and vault maps discovered:
D:1:      saegor_arrival_fortress, layout_basic,
          chequers_ecumenical_altar_simple_redux, kennysheep_crisscross
D:2:      layout_loops_corners, minmay_pentomino_r4
D:3:      layout_loops_cross, minivault_24, uniq_terence,
          uniq_crazy_yiuf_cottage
D:4:      layout_loops_cross, nicolae_overflow_hidden_temple,
          grunt_temple_overflow_cloverleaf
D:5:      layout_cave_pods
D:6:      layout_basic, kiku_gazebo_garden_becter, serial_shops,
          kennysheep_mini_moat, nrook_campfire, minmay_misc_feat_more_columns,
          minmay_unpleasant_kobolds
D:7:      layout_basic, minmay_temple_entry_overgrown
D:8:      layout_layer_cave, mainiacjoe_overflow_alcove_1, grunt_gozag_statues,
          minmay_misc_feat_four_crosses
D:9:      gammafunk_corrupted_shrine, layout_irregular_city, lair_entry_dummy,
          kennysheep_orc_monster_closet_entryway, nicolae_diode_stairs,
          uniq_grum
D:10:     layout_loops_ring, mainiacjoe_overflow_tiny_flanked
D:11:     layout_roguey, gammafunk_ghost_nasty_kobolds, uniq_harold
D:12:     minmay_inside_and_out, layout_stronghold, nrook_mini_vaults
D:13:     layout_cave_pools, gauntlet_entry_generic, water_maze_lemuel
Temple:   cyrus_circular_temple
Lair:1:   layout_loops_ring, st_stairs_7
Lair:2:   layout_long_grid, minmay_swamp_entry_reptiles,
          nicolae_spider_entry_orb_guardian, chequers_serial_rivers_room_a,
          infiniplex_staircase_pool
Lair:3:   layout_gridlike, nicolae_lair_run_with_the_wolves
Lair:4:   layout_cave_pods
Lair:5:   grunt_lair_end_beastmaster, layout_hall_layers,
          minmay_slime_entry_eyes, grunt_megastairs_2, uniq_urug
Gauntlet: minmay_gauntlet_77_tree [minmay_gauntlet_arena_77_terracotta_army,
          minmay_gauntlet_arena_77_checkered, minmay_gauntlet_arena_77_mirror,
          minmay_gauntlet_arena_77_braids, minmay_gauntlet_arena_77_shame_cube,
          minmay_gauntlet_arena_77_fan, minmay_gauntlet_arena_77_mess,
          gauntlet_exit_watery]

Skill      XL: |  1  2  3  4  5  6  7  8  9 10 11 12 13 14 |
---------------+-------------------------------------------+-----
Stealth        | 3 5 |  5.0
Fighting       | 1 2 3 4 6 8 10 12 14 | 14.0
Dodging        | 3 5 |  5.0
Translocations | 1 2 3 4 5 6 |  6.0
Spellcasting   | 4 5 6 7 8 10 11 12 13 14 | 14.0
Conjurations   | 5 7 9 10 11 | 11.0
Alchemy        | 3 4 |  4.0
Fire Magic     | 4 9 10 11 | 11.0
Earth Magic    | 4 |  4.0

Action                     |  1- 3 |  4- 6 |  7- 9 | 10-12 | 13-15 || total
---------------------------+-------+-------+-------+-------+-------++-------
  Melee: Dagger            |       |    19 |    91 |   101 |     7 ||   218
         Demon trident     |       |       |       |       |    61 ||    61
   Cast: Magic Dart        |    74 |    36 |    32 |    47 |    26 ||   215
         Searing Ray       |     4 |    26 |    65 |   157 |    60 ||   312
         Iskenderun's Myst |       |       |     7 |    54 |    46 ||   107
         Fulminant Prism   |       |       |       |    10 |    21 ||    31
         Flame Wave        |       |       |       |     7 |    32 ||    39
         Lesser Beckoning  |       |       |       |       |     2 ||     2
         Starburst         |       |       |       |       |    35 ||    35
  Evoke: Wand              |       |       |       |       |     2 ||     2
    Use: Scroll            |       |     3 |    10 |     4 |    10 ||    27
         Potion            |       |       |       |       |     1 ||     1
   Stab: Sleeping          |       |       |     1 |     3 |     1 ||     5
         Petrified         |       |       |       |       |     5 ||     5
 Armour: Robe              |     1 |    19 |   112 |   212 |   206 ||   550
  Dodge: Dodged            |     4 |    25 |   197 |   408 |   255 ||   889
  Block: Buckler           |       |     1 |    41 |    76 |    54 ||   172
